 Dungeon Crawl Stone Soup version 0.21.1-1-g345015fe64 (webtiles) character file.

308 JOKERXD40 the Chopper (level 6, -2/56 HPs)
             Began as a Hill Orc Fighter on June 25, 2018.
             Slain by JOKERXD40's ghost (9 damage)
             ... on level 4 of the Dungeon.
             The game lasted 00:05:42 (3417 turns).

JOKERXD40 the Chopper (Hill Orc Fighter)            Turns: 3417, Time: 00:05:44

Health: -2/56      AC:  7    Str: 26    XL:     6   Next: 40%
Magic:  6/6        EV:  8    Int:  8    God:
Gold:   128        SH: 10    Dex: 10    Spells: 5/5 levels left

rFire    . . .     SeeInvis .   a - +0 war axe
rCold    . . .     Gourm    .   c - +0 shield
rNeg     . . .     Faith    .   b - +0 scale mail
rPois    .         Spirit   .   (no helmet)
rElec    .         Reflect  .   (no cloak)
rCorr    .         Harm     .   (no gloves)
MR       .....                  (no boots)
Stlth    ..........             (no amulet)
HPRegen  0.18/turn              (no ring)
MPRegen  0.10/turn              (no ring)

@: mighty
A: no striking features
a: no special abilities


You were on level 4 of the Dungeon.
You were very hungry.

You visited 1 branch of the dungeon, and saw 4 of its levels.

You collected 128 gold pieces.

Inventory:

Hand Weapons
 a - a +0 war axe (weapon)
Armour
 b - a +0 scale mail (worn)
 c - a +0 shield (worn)
Jewellery
 g - an uncursed ring of magical power {unknown}
 j - an uncursed ring of magical power {unknown}
Scrolls
 h - a scroll of immolation
 i - 2 scrolls of remove curse {unknown}
 k - 4 scrolls of identify {unknown}
 n - 3 scrolls of amnesia {unknown}
 o - a scroll of enchant armour {unknown}
Potions
 d - a potion of might
 e - 2 potions of brilliance {unknown}
 l - a potion of heal wounds {unknown}
 m - a potion of resistance {unknown}
Comestibles
 f - 7 rations


   Skills:
 + Level 5.0 Fighting
 + Level 5.2 Axes
 + Level 4.9 Armour
 + Level 0.6 Dodging
 + Level 4.2 Shields


You had 5 spell levels left.
You didn't know any spells.

Dungeon Overview and Level Annotations

Branches:
Dungeon (4/15)
 Temple: D:4-7

Altars:
Ashenzari
Nemelex Xobeh
Uskayaw
Wu Jian

Annotations:
D:4 JOKERXD40's ghost, amateur HOFi


Message History

You slash the scorpion!
The scorpion is severely wounded.
You hit JOKERXD40's ghost but do no damage.
The scorpion stings you but does no damage.
JOKERXD40's ghost completely misses you.
You block the scorpion's attack.
You completely miss the scorpion.
The scorpion is severely wounded.
You slash JOKERXD40's ghost!
JOKERXD40's ghost hits you but does no damage.
The scorpion stings you!
* * * LOW HITPOINT WARNING * * *
You slash the scorpion!
You kill the scorpion!
Your Fighting skill increases to level 5!
Your Axes skill increases to level 5!
You slash JOKERXD40's ghost! JOKERXD40's ghost hits you!
* * * LOW HITPOINT WARNING * * *
JOKERXD40's ghost hits you!
You die...

#........+ ..
#..###.###.l..
#.............
#.####.########
#....#.........
#...†..#####
##.....+
#..††.# #..W@.#
#......#
##.##### ...
#.... #... #..


You could see JOKERXD40's ghost.

Vanquished Creatures
  A scorpion (D:4)
  Jessica (D:2)
  Natasha (twice) (D:3)
  A worker ant (D:3)
  4 gnolls (D:3)
  5 adders
  A worm (D:2)
  A dart slug (D:1)
  3 leopard geckos
  2 ball pythons
  6 bats
  2 giant cockroaches
  8 goblins
  11 hobgoblins
  3 quokkas
  7 frilled lizards
  9 kobolds
  7 rats
74 creatures vanquished.

Notes
Turn   | Place    | Note
-------+----------+-------------------------------------------
     0 | D:1      | JOKERXD40 the Hill Orc Fighter began the quest for the Orb.
     0 | D:1      | Reached XP level 1. HP: 19/19 MP: 1/1
   150 | D:1      | Reached XP level 2. HP: 22/27 MP: 2/2
  1216 | D:2      | Reached XP level 3. HP: 27/33 MP: 3/3
  1433 | D:2      | Found an ornate altar of the Wu Jian Council.
  1491 | D:2      | Reached XP level 4. HP: 40/40 MP: 4/4
  1783 | D:2      | Found a hide-covered altar of Uskayaw.
  1827 | D:2      | Found a sparkling altar of Nemelex Xobeh.
  1827 | D:2      | Noticed Jessica
  1835 | D:2      | Killed Jessica
  1976 | D:3      | Reached XP level 5. HP: 19/46 MP: 5/5
  2412 | D:3      | Found a shattered altar of Ashenzari.
  2561 | D:3      | Noticed Natasha
  3018 | D:3      | Killed Natasha
  3317 | D:3      | Noticed Natasha
  3323 | D:3      | Killed Natasha
  3323 | D:3      | Reached XP level 6. HP: 55/55 MP: 6/6
  3401 | D:4      | Noticed JOKERXD40's ghost (amateur HOFi)
  3417 | D:4      | Reached skill level 5 in Fighting
  3417 | D:4      | Reached skill level 5 in Axes
  3417 | D:4      | Slain by JOKERXD40's ghost

Skill      XL: |  1  2  3  4  5  6 |
---------------+-------------------+-----
Axes           | 3 4 5 |  5.2
Fighting       | 4 5 |  5.0
Armour         | 4 |  4.9
Shields        | 4 |  4.2
Dodging        | |  0.6

Action                   |  1- 3 |  4- 6 || total
-------------------------+-------+-------++-------
Melee: War axe           |   114 |   152 ||   266
  Use: Scroll            |       |     3 ||     3
       Potion            |       |     3 ||     3
  Eat: Chunk             |     2 |     2 ||     4
       Ration            |       |     1 ||     1
Armor: Scale mail        |    44 |    65 ||   109
Dodge: Dodged            |    36 |    56 ||    92
Block: Shield            |    68 |    78 ||   146
